 Dungeon Crawl Stone Soup version 0.29.1-1-gd02db69 (webtiles) character file.

Game seed: 3628163741433554486

6165 Kel the Cleaver (level 10, -1/56 HPs)
             Began as a Gargoyle Berserker on Nov 26, 2022.
             Was an Elder of Trog.
             Slain by an orc
             ... wielding a +1 trident of protection
              (5 damage)
             ... on level 10 of the Dungeon.
             The game lasted 00:12:09 (9395 turns).

Kel the Cleaver (Gargoyle Berserker)                Turns: 9395, Time: 00:12:10

Health: -1/56      AC: 17    Str: 24    XL:     10   Next: 90%
Magic:  10/10      EV: 12    Int:  9    God:    Trog [****..]
Gold:   452        SH:  2    Dex:  9    Spells: 9/9 levels left

rFire   . . .      SeeInvis .   E - +3 hand axe
rCold   + . .      Faith    .   A - +0 buckler
rNeg    + . .      Spirit   .   f - +0 chain mail
rPois   ∞          Reflect  .   t - +0 helmet
rElec   +          Harm     .   (no cloak)
rCorr   .          Rampage  .   (no gloves)
Will    .....                   (no boots)
Stlth   ..........              I - amulet of regeneration
HPRegen 0.98/turn               p - ring of protection from cold
MPRegen 0.12/turn               G - +4 ring of evasion

@: on berserk cooldown, studying Throwing
A: sickness immunity, AC +7, negative energy resistance 1, electricity
resistance, torment resistance 1, petrification resistance
a: Renounce Religion, Berserk, Trog's Hand, Brothers in Arms


You were on level 10 of the Dungeon.
You worshipped Trog.
Trog was greatly pleased with you.
You visited 1 branch of the dungeon, and saw 9 of its levels.

You collected 452 gold pieces.

Inventory:

Hand Weapons
 E - a +3 hand axe (weapon)
Armour
 f - a +0 chain mail (worn)
 t - a +0 helmet (worn)
 A - a +0 buckler (worn)
Jewellery
 p - a ring of protection from cold (left hand)
 F - a ring of protection from fire
 G - a +4 ring of evasion (right hand)
 I - an amulet of regeneration (around neck)
Wands
 s - a wand of charming (10)
 u - a wand of roots (15)
 z - a wand of acid (9)
Scrolls
 a - a scroll of magic mapping {unknown}
 e - 3 scrolls of teleportation {unknown}
 g - 2 scrolls of noise {unknown}
 h - 3 scrolls of silence {unknown}
 i - 2 scrolls of amnesia {unknown}
 j - 12 scrolls of identify {unknown}
 k - 2 scrolls of acquirement {unknown}
 l - 2 scrolls of blinking {unknown}
 m - a scroll of fear {unknown}
 o - 2 scrolls of vulnerability {unknown}
 q - a scroll of fog {unknown}
 v - a scroll of torment {unknown}
 y - a scroll of immolation {unknown}
 D - a scroll of enchant weapon {unknown}
 M - a scroll of poison {unknown}
Potions
 b - a potion of attraction {unknown}
 c - 3 potions of cancellation
 d - 2 potions of invisibility {unknown}
 n - a potion of mutation {unknown}
 r - a potion of resistance {unknown}
 w - 3 potions of brilliance {unknown}
 x - a potion of curing {unknown}
 B - a potion of degeneration {unknown}
 C - 4 potions of heal wounds {unknown}
 H - a potion of ambrosia {unknown}
 J - a potion of haste {unknown}
 K - a potion of flight {unknown}
 L - a potion of magic {unknown}


   Skills:
 - Level 3.2 Fighting
 + Level 14.8 Axes
 - Level 2.1 Armour
 - Level 1.5 Dodging


You had 9 spell levels left.
You didn't know any spells.
Your spell library was empty.

Dungeon Overview and Level Annotations

Branches:
Dungeon (8/15)             Temple (0/1) D:6
   Lair: D:8-11

Altars:
Ashenzari
Cheibriados
Elyvilon
Hepliaklqana
Kikubaaqudgha
Nemelex Xobeh
Okawaru
Qazlal
Uskayaw
Wu Jian
Xom

Shops:
D:3 (   D:4 =   D:8 (


Innate Abilities, Weirdness & Mutations

You are immune to sickness and miasma.
Your stone body is resilient. (AC +7)
You are immune to poison.
You resist negative energy. (rN+)
You are resistant to electric shocks. (rElec)
You are resistant to unholy torment.
You are immune to petrification.


Message History

A magic dart appears from out of thin air!
The magic dart hits you but does no damage.
Something hits you but does no damage.
An orc wizard appears from thin air!
Reactivating autopickup.
The orc wizard gestures at you while chanting.
The puff of flame hits you! The troll attacks as you move away!
The troll bites you but does no damage. The troll barely misses you.
The troll closely misses you.
You slash the troll!
The troll is moderately wounded.
The troll closely misses you. x2; The troll claws you but does no damage.
You slash the troll!
The troll is heavily wounded.
The troll barely misses you. x2; The troll claws you!
You slash the troll!
The troll is severely wounded.
The troll barely misses you. The troll misses you.
The troll claws you but does no damage.
You slash the troll!
The troll is almost dead.
The orc hits you from afar with a +1 trident of protection.
The troll bites you. The troll claws you but does no damage.
The troll claws you!
* * * LOW HITPOINT WARNING * * *
You hit the troll.
The troll is almost dead.
The orc misses you. The troll barely misses you. The troll claws you!
* * * LOW HITPOINT WARNING * * *
The troll claws you.
* * * LOW HITPOINT WARNING * * *
It was a potion of cancellation.
Your magical effects are unravelling.
You feel magically purged.
You feel yourself speed up. The troll bites you but does no damage.
The troll claws you but does no damage. You block the troll's attack.
The orc hits you but does no damage. The troll misses you.
The troll closely misses you. The troll barely misses you.
The orc closely misses you.
The orc hits you from afar with a +1 trident of protection.
You die...

#.........# .. #.##.#.##.#
#...o.....# ## ##.##.#.##.#
#..####...#.# #..##.#.##.#
####''####...#.####.###.#.##.#
......).##.oo#.#))..#
#.#.##.####
....))..##...#.#)####
#.#.##..... #.#)##..##...#.#.#
#.......... ##o###..##.o.#.#.#
###........


.oo ...####.#o#@# ############## .o. ...# #..oT.# #....(........ ###
+####.#.oo### #.###########. #>....# #.#### #... ###.#.#####....######.#.
...#.................#. ##############.######### ................
#######.######## You could see a troll, an orc wizard and 2 orcs.

Vanquished Creatures
  2 two-headed ogres (D:10)
  Pikel (D:4)
  A cyclops (D:10)
  2 wyverns
  3 yaks (D:8)
  Eustachio (D:6)
  3 steam dragons
  Edmund (D:6)
  2 water moccasins
  Duvessa (D:5)
  2 ice beasts
  2 sky beasts
  2 orc warriors (D:10)
  3 ogres
  A centaur (D:5)
  A kobold brigand (D:10)
  4 bullfrogs
  3 scorpions
  5 wights (D:8)
  Dowan (D:5)
  2 orc priests
  4 hounds
  6 jellies
  4 iguanas
  2 orc wizards
  A mummy (D:8)
  Robin (D:4)
  4 gnolls (D:8)
  6 adders
  A shadow imp (D:7)
  2 white imps
  An ufetubus (D:5)
  A worm (D:3)
  2 dart slugs
  24 orcs
  6 endoplasms
  6 giant cockroaches
  13 goblins
  8 hobgoblins
  7 jackals
  6 kobolds
  3 quokkas
  7 ball pythons
  10 bats
  5 frilled lizards
  6 rats
179 creatures vanquished.

Vanquished Creatures (others)
  9 plants
9 creatures vanquished.

Grand Total: 188 creatures vanquished

Notes
Turn   | Place    | Note
-------+----------+-------------------------------------------
     0 | D:1      | Kel the Gargoyle Berserker began the quest for the Orb.
     0 | D:1      | Reached XP level 1. HP: 14/14 MP: 1/1
   366 | D:1      | Reached skill level 3 in Axes
   791 | D:1      | Reached XP level 2. HP: 10/19 MP: 2/2
  1564 | D:2      | Found a faded altar of an unknown god.
  1594 | D:2      | Reached XP level 3. HP: 14/23 MP: 3/3
  1675 | D:2      | Reached skill level 4 in Axes
  1705 | D:2      | Reached ** piety under Trog
  2091 | D:2      | Reached XP level 4. HP: 28/28 MP: 4/4
  2424 | D:3      | Found Qotz's Antique Weapon Shop.
  3004 | D:3      | Found a white marble altar of Elyvilon.
  3040 | D:4      | Noticed a scorpion
  3063 | D:3      | Killed a scorpion
  3064 | D:3      | Reached skill level 5 in Axes
  3064 | D:3      | Reached XP level 5. HP: 18/32 MP: 5/5
  3603 | D:4      | Reached skill level 6 in Axes
  3603 | D:4      | Reached XP level 6. HP: 32/37 MP: 6/6
  3685 | D:4      | Found a hazy altar of Hepliaklqana.
  3917 | D:4      | Noticed Robin
  3933 | D:4      | Killed Robin
  4030 | D:4      | Noticed Pikel
  4042 | D:4      | Killed Pikel
  4043 | D:4      | Reached skill level 8 in Axes
  4043 | D:4      | Reached XP level 7. HP: 41/41 MP: 7/7
  4044 | D:4      | Reached *** piety under Trog
  4275 | D:4      | Found Uroit's Jewellery Shop.
  4748 | D:5      | Entered Level 5 of the Dungeon
  4755 | D:5      | Reached XP level 8. HP: 41/46 MP: 8/8
  4905 | D:5      | Found a stormy altar of Qazlal.
  5272 | D:5      | Reached skill level 9 in Axes
  6146 | D:5      | Noticed Duvessa
  6147 | D:5      | Noticed Dowan
  6160 | D:5      | Killed Duvessa
  6161 | D:5      | Reached skill level 10 in Axes
  6165 | D:5      | Killed Dowan
  6687 | D:6      | Found a sparkling altar of Nemelex Xobeh.
  6707 | D:6      | Found a broken altar of Ashenzari.
  6731 | D:6      | Reached XP level 9. HP: 45/51 MP: 9/9
  6785 | D:6      | Noticed Edmund
  6805 | D:6      | Killed Edmund
  6806 | D:6      | Reached skill level 11 in Axes
  7417 | D:6      | Found a hide-covered altar of Uskayaw.
  7418 | D:6      | Found a shimmering altar of Xom.
  7705 | D:6      | Noticed Eustachio
  7713 | D:6      | Reached skill level 12 in Axes
  7725 | D:6      | Killed Eustachio
  7729 | D:6      | Found a staircase to the Ecumenical Temple.
  7784 | D:6      | Found an ornate altar of the Wu Jian Council.
  7784 | D:6      | Found an ancient bone altar of Kikubaaqudgha.
  8048 | D:7      | Reached **** piety under Trog
  8490 | D:8      | Reached XP level 10. HP: 56/56 MP: 10/10
  8575 | D:8      | Reached skill level 13 in Axes
  8648 | D:8      | Found a snail-covered altar of Cheibriados.
  8737 | D:8      | Found an iron altar of Okawaru.
  8833 | D:8      | Found Ephinan's Hydra Hut.
  8834 | D:8      | Noticed a six-headed hydra
  9061 | D:8      | You fall into a shaft and drop 2 floors!
  9061 | D:10     | Entered Level 10 of the Dungeon
  9073 | D:10     | Noticed a cyclops
  9084 | D:10     | Killed a cyclops
  9172 | D:10     | Reached skill level 14 in Axes
  9343 | D:10     | Noticed a two-headed ogre
  9349 | D:10     | Noticed a two-headed ogre
  9357 | D:10     | Killed a two-headed ogre
  9363 | D:10     | Killed a two-headed ogre
  9393 | D:10     | HP: 2/56 [troll (6)]
  9395 | D:10     | Slain by an orc

Illustrated notes

Levels and vault maps discovered:
D:1:      onia_arrival_pyramid, layout_loops_corners, serial_forest,
          infiniplex_forest_lined_room_2, infiniplex_forest_clump_small,
          infiniplex_forest_fountain, infiniplex_forest_lined_room_3,
          infiniplex_forest_clump_tiny, infiniplex_forest_clump_curved,
          infiniplex_forest_zigzag_1, minmay_tetromino_i4
D:2:      layout_rooms, shapermc_ecumenical_altar_starsandcircs,
          lightli_corner_chamber
D:3:      layout_loops_cross, nicolae_elyvilon_temple_path, serial_shops, shop,
          hangedman_abyss_or_decor_stabs, hangedman_decor_peaks_small
D:4:      layout_cave_pods, kennysheep_little_box, serial_shops,
          nicolae_shop_advertising_works [nicolae_subvault_shop_adworks],
          minmay_misc_feat_secret_circle, uniq_robin, uniq_pikel
D:5:      layout_gridville, mainiacjoe_overflow_paths, minmay_manual_moon,
          uniq_duvessa
D:6:      layout_basic, mainiacjoe_overflow_boulevard,
          nemelex_xobeh_ov_fountains_minmay, gammafunk_temple_overflow_pools,
          chequers_temple_overflow_statue_of_worship,
          minmay_temple_entry_gardened_gates, gup_sewer_entry_glass,
          uniq_edmund, uniq_eustachio
D:7:      layout_cave_pools, hangedman_decor_diamond_cutter
D:8:      layout_loops_ring, slow_altar_2, fedhas_altar_1, okawaru_gym_becter,
          doesnt_shop_hydraphobe
D:10:     layout_basic, enter_bailey_1, amethyst_killhole,
          hangedman_corner_corridor

Skill      XL: |  1  2  3  4  5  6  7  8  9 10 |
---------------+-------------------------------+-----
Axes           | 3 4 5 6 8 10 12 14 | 14.8
Fighting       | |  3.2
Armour         | |  2.1
Dodging        | |  1.5

Action                   |  1- 3 |  4- 6 |  7- 9 | 10-12 || total
-------------------------+-------+-------+-------+-------++-------
Melee: Hand axe          |   131 |   153 |   315 |   170 ||   769
       Punch             |     2 |       |     1 |       ||     3
Invok: Berserk           |     1 |     2 |     3 |     2 ||     8
  Use: Potion            |       |       |       |     1 ||     1
 Stab: Sleeping          |     1 |       |       |       ||     1
Armor: Animal skin       |    10 |       |       |       ||    10
       Chain mail        |    89 |   108 |   125 |    83 ||   405
Dodge: Dodged            |    60 |    88 |   125 |    66 ||   339
Block: Buckler           |       |       |    14 |    12 ||    26
